 Dungeon Crawl Stone Soup version 0.19.0-24-gb05acd6 (console) character file.

123 Jesseh the Ducker (level 5, -18/37 HPs)
             Began as a Merfolk Ice Elementalist on Nov 21, 2016.
             Demolished by vogonpoet's ghost (24 damage)
             ... on level 3 of the Dungeon.
             The game lasted 00:15:49 (1796 turns).

Jesseh the Ducker (Merfolk Ice Elementalist)        Turns: 1796, Time: 00:15:49

Health: -18/37     AC:  2    Str:  9    XL:     5   Next: 7%
Magic:  5/8        EV: 14    Int: 15    God:
Gold:   109        SH:  0    Dex: 14    Spells: 2 memorised, 4 levels left

rFire  . . .     SeeInvis .     k - +2 spear (venom)
rCold  . . .     Gourm    .     a - +0 robe
rNeg   . . .     Faith    .     (no shield)
rPois  .         Spirit   .     l - +0 hat
rElec  .         Reflect  .     (no cloak)
rCorr  .         Harm     .     (no gloves)
MR     .....                    (no boots)
Stlth  ++........               (no amulet)
                                (no ring)
                                (no ring)

@: very slightly contaminated
A: change form in water, swift swim, stealthy swim
a: no special abilities


You were on level 3 of the Dungeon.
You were not hungry.

You visited 1 branch of the dungeon, and saw 3 of its levels.

You collected 109 gold pieces.

Inventory:

Hand Weapons
 k - a +2 spear of venom (weapon)
   (You found it on level 1 of the Dungeon)
 q - a +2 short sword of flaming
   (You took it off a kobold on level 2 of the Dungeon)
Armour
 a - a +0 robe (worn)
 l - a +0 hat (worn)
   (You found it on level 1 of the Dungeon)
 n - a +2 pair of boots
   (You found it on level 1 of the Dungeon)
Scrolls
 e - a scroll of fear {unknown}
 f - a scroll of remove curse {unknown}
 g - a scroll of magic mapping {unknown}
 h - a scroll of random uselessness {unknown}
 i - a scroll of immolation {unknown}
 p - 2 scrolls of identify {unknown}
Potions
 j - 2 potions of curing {unknown}
 o - a potion of cancellation {unknown}
 r - a potion of agility {unknown}
 s - 2 potions of brilliance {unknown}
Books
 b - a book of Frost
Comestibles
 c - 3 bread rations
 d - 3 meat rations
 m - a chunk of flesh


   Skills:
 - Level 1.0 Fighting
 - Level 3.1 Polearms
 + Level 3.7 Dodging
 - Level 2.1 Stealth
 - Level 2.2 Spellcasting
   Level 0.7 Conjurations
 * Level 2.6 Charms
 * Level 3.5 Ice Magic


You had 4 spell levels left.
You knew the following spells:

 Your Spells              Type           Power        Failure   Level  Hunger
a - Freeze                Ice            ##..         6%          1    #......
b - Ozocubu's Armour      Chrm/Ice       ##......     21%         3    ###....


Dungeon Overview and Level Annotations

Branches:
Dungeon (3/15)

Altars:
Nemelex Xobeh

Annotations:
D:3 vogonpoet's ghost, amateur FoFi


Message History

Unknown command.
Unknown command.
Autopickup is now off.
Autopickup is now on.
Saving game... please wait.
Level annotation: exclusion: Natasha, Natasha Welcome back, Jesseh the Merfolk Ice Elementalist.
Natasha hisses angrily.
Found a scroll labeled RAGAQETEUW.
Found a stone staircase leading up and a stone staircase leading down.
Natasha casts a spell.
Attack whom?
Okay, then.
Natasha stares at you and mumbles some strange words.
You feel yourself slow down. Natasha claws you.
Aim: Natasha You freeze Natasha.
Natasha claws you! The crimson imp hits you. Natasha misses you.
The crimson imp hits you.
Aim: Natasha (moderately wounded)
You freeze Natasha.
Natasha hisses.
Natasha closely misses you. The crimson imp hits you.
Aim: Natasha (severely wounded)
You freeze Natasha. Natasha completely misses you.
The crimson imp closely misses you. Natasha misses you.
The crimson imp hits you.
Aim: Natasha (almost dead)
You miscast Freeze.
You are very lightly contaminated with residual magic.
Nothing appears to happen.
Natasha mumbles some strange words.
The crimson imp hits you.
* * * LOW HITPOINT WARNING * * *
Natasha stares at you and mumbles some strange words.
The magic dart hits you!
* * * LOW HITPOINT WARNING * * *
The crimson imp barely misses you.
Aim: a crimson imp (summoned)
You freeze the crimson imp.
The crimson imp is frozen!
The crimson imp disappears in a puff of smoke!
The crimson imp closely misses you.
Natasha mumbles some strange words.
Attack whom?
Aim: Natasha (almost dead)
You reach to attack!
You closely miss Natasha. The crimson imp hits you.
* * * LOW HITPOINT WARNING * * *
Attack whom?
Aim: Natasha (almost dead)
The crimson imp is in the way.
You closely miss the crimson imp. The crimson imp closely misses you.
Natasha mumbles some strange words.
The crimson imp closely misses you.
Attack whom?
Aim: Natasha (almost dead)
You reach to attack!
You hit Natasha but do no damage.
Natasha is poisoned.
The crimson imp misses you.
The crimson imp blinks!
You kill Natasha!
Natasha growls in agony!
The crimson imp disappears in a puff of smoke! x3
You have reached level 5!
You feel stronger.
A rat comes into view.
The rat moves out of view.
You see here the felid corpse of Natasha.
You butcher the felid corpse of Natasha.
m - a chunk of flesh You see here the felid skeleton of Natasha.
You start resting.
Your magical contamination has completely faded away.
You start resting.
You feel yourself speed up.
You start resting.
A rat is nearby!
Attack whom?
Aim: a rat You reach to attack!
You hit the rat.
You kill the rat!
You start resting.
Vogonpoet's ghost (amateur Formicid Fighter) comes into view.
You see here a shiny buckler.
You start resting.
Attack whom?
Aim: vogonpoet's ghost (hasn't noticed you)
You reach to attack!
Vogonpoet's ghost turns its malevolent gaze towards you.
You hit vogonpoet's ghost.
Aim: vogonpoet's ghost (lightly damaged)
You miscast Freeze.
You are very lightly contaminated with residual magic.
You shiver with cold.
Vogonpoet's ghost hits you.
Aim: vogonpoet's ghost (lightly damaged)
You freeze vogonpoet's ghost. Vogonpoet's ghost hits you!
* * * LOW HITPOINT WARNING * * *
Aim: vogonpoet's ghost (moderately damaged)
You freeze vogonpoet's ghost.
Vogonpoet's ghost completely misses you.
You hit vogonpoet's ghost. Vogonpoet's ghost hits you!!
Ouch! That really hurt!
You die...

▒▒▒▒▒▒▒▒▒▒▒
▒▒▒▒▒..........
▒...[...?......
▒.▒▒▒.▒.▒▒▒▒▒. ▒W▒
▒.▒.▒.. ▒m▒ ▒.▒.▒.▒
▒.▒ ▒<▒.▒.▒ ▒
▒.▒▒▒▒.▒▒▒.▒.▒.▒▒.<.(
▒....(...W..÷..(....▒
▒▒▒▒▒▒.▒▒▒...........
▒.▒ ▒.▒....▒▒..▒ ▒.▒
▒......... ▒
▒.>......▒.▒▒.▒▒.▒
▒.▒▒.▒▒▒▒▒.. ... ..


You could see vogonpoet's ghost.

Vanquished Creatures
  Ijyb (D:2)
  Natasha (D:3)
  3 adders (D:2)
  An ooze (D:1)
  4 dart slugs
  An orc (D:2)
  A ball python (D:3)
  A giant cockroach (D:1)
  5 goblins
  3 hobgoblins
  3 quokkas (D:2)
  4 bats
  5 frilled lizards
  3 kobolds
  5 rats
41 creatures vanquished.

Notes
Turn   | Place    | Note
-------+----------+-------------------------------------------
     0 | D:1      | Jesseh the Merfolk Ice Elementalist began the quest for the Orb.
     0 | D:1      | Reached XP level 1. HP: 13/13 MP: 3/3
   206 | D:1      | Reached XP level 2. HP: 14/19 MP: 5/5
   241 | D:1      | Reached skill level 1 in Polearms
   241 | D:1      | Reached skill level 3 in Dodging
   424 | D:1      | Reached skill level 2 in Polearms
   671 | D:1      | Reached XP level 3. HP: 25/25 MP: 6/6
   679 | D:1      | Learned a level 3 spell: Ozocubu's Armour
   704 | D:1      | Reached skill level 1 in Fighting
   912 | D:2      | Noticed Ijyb
   933 | D:2      | Killed Ijyb
   933 | D:2      | Reached skill level 1 in Charms
   933 | D:2      | Reached XP level 4. HP: 19/32 MP: 1/7
  1002 | D:2      | Reached skill level 2 in Charms
  1104 | D:2      | Found a sparkling altar of Nemelex Xobeh.
  1168 | D:2      | Reached skill level 3 in Polearms
  1677 | D:3      | Noticed Natasha
  1687 | D:3      | HP: 5/32 [Natasha/magic dart (7)]
  1693 | D:3      | Killed Natasha
  1693 | D:3      | Reached XP level 5. HP: 5/37 MP: 3/8
  1719 | D:3      | Noticed vogonpoet's ghost (amateur FoFi)
  1790 | D:3      | HP: 5/37 [vogonpoet's ghost (11)]
  1796 | D:3      | Demolished by vogonpoet's ghost

Skill      XL: |  1  2  3  4 |
---------------+-------------+-----
Polearms       | 2 3 |  3.1
Dodging        | 3 |  3.7
Fighting       | 1 |  1.0
Charms         | 1 2 |  2.6
Stealth        | |  2.1
Spellcasting   | |  2.2
Conjurations   | |  0.7
Ice Magic      | |  3.5

Action                   |  1- 3 |  4- 6 || total
-------------------------+-------+-------++-------
Melee: Spear             |    51 |    40 ||    91
 Cast: Freeze            |     7 |    13 ||    20
 Stab: Sleeping          |     3 |     1 ||     4
  Eat: Chunk             |       |     2 ||     2
       Beef jerky        |       |     1 ||     1
Armor: Robe              |     2 |       ||     2
       Leather armour    |     6 |     2 ||     8
Dodge: Dodged            |    41 |    29 ||    70

Vault maps used:
D:1:      roderic_chinese_lattice_arrival
D:2:      lemuel_doored_altar, first_bread, uniq_iyjb
D:3:      kennysheep_the_goblin_king, marbit_many_paths, uniq_sigmund,
          uniq_robin, uniq_natasha

Table legend:
 A = Turns spent in this place as a percentage of turns spent in the entire game.
 B = Non-inter-level travel turns spent in this place as a percentage of non-inter-level travel turns spent in the entire game.
 C = Inter-level travel turns spent in this place as a percentage of turns spent in this place.
 D = Turns resting spent in this place as a percentage of non-inter-level travel turns spent in this place.
 E = Turns spent auto-exploring this place as a percentage of non-inter-level travel turns spent in this place.
 F = Non-inter-level travel turns spent in this place divided by the number of levels of this place that you've seen.
                   A       B       C       D       E      F
               +-------+-------+-------+-------+-------+----------------------
         Total | 100.0 | 100.0 |   0.5 |   1.7 |   6.7 | 210.0
       Dungeon | 100.0 | 100.0 |   0.5 |   1.7 |   6.7 | 210.0
               +-------+-------+-------+-------+-------+----------------------

Table legend:
 A = Kills in this place as a percentage of kills in entire the game.
 B = Kills by you in this place as a percentage of kills by you in the entire game.
 C = Kills by friends in this place as a percentage of kills by friends in the entire game.
 D = Other kills in this place as a percentage of other kills in the entire game.
 E = Experience gained in this place as a percentage of experience gained in the entire game.
 F = Experience gained in this place divided by the number of levels of this place that you have seen.
                   A       B       C       D       E      F
               +-------+-------+-------+-------+-------+----------------------
         Total | 100.0 | 100.0 |  -nan |  -nan | 100.0 |  59.0
       Dungeon | 100.0 | 100.0 |  -nan |  -nan | 100.0 |  59.0
               +-------+-------+-------+-------+-------+----------------------
